 Dungeon Crawl Stone Soup version 0.29.0-5-ge4962eb29e (webtiles) character file.

Game seed: 2988593834221828123

61919 SnakkuSnakku7 the Markstengu (level 15, -1/89 HPs)
             Began as a Tengu Warper on Aug 28, 2022.
             Was the Champion of Qazlal.
             Slain by a manticore (10 damage)
             ... on level 5 of the Lair of Beasts.
             The game lasted 00:43:21 (20775 turns).

SnakkuSnakku7 the Markstengu (Tengu Warper)        Turns: 20775, Time: 00:43:21

Health: -1/89      AC: 18    Str: 16    XL:     15   Next: 4%
Magic:  0/22       EV: 16    Int: 14    God:    Qazlal [******]
Gold:   1083       SH:  8    Dex: 16    Spells: 18/18 levels left

rFire   . . .      SeeInvis .   a - +6 halberd
rCold   . . .      Faith    .   (shield currently unavailable)
rNeg    . . .      Spirit   +   x - +1 swamp dragon scales
rPois   +          Reflect  .   (helmet restricted)
rElec   .          Harm     .   u - +0 cloak
rCorr   +          Rampage  .   M - +2 pair of gloves
Will    +....                   (boots unavailable)
Stlth   +.........              w - amulet of guardian spirit
HPRegen 0.24/turn               A - ring of resist corrosion
MPRegen 0.18/turn               (no ring)

@: protected from physical damage, flying quickly and evasively, studying
Staves, repel missiles, quick
A: beak, talons 3, nimble flight
a: Renounce Religion, Upheaval, Elemental Force, Disaster Area


You were on level 5 of the Lair of Beasts.
You worshipped Qazlal.
Qazlal was exalted by your worship.
You visited 2 branches of the dungeon, and saw 15 of its levels.
You also visited: Sewer, Ossuary, Bailey and Volcano.

You collected 1083 gold pieces.

Inventory:

Hand Weapons
 a - a +6 halberd (weapon)
 b - a +2 arbalest of freezing
 j - a +1 longbow of flaming
 K - a +0 trident
Missiles
 c - 4 throwing nets
 d - 5 boomerangs of dispersal
 q - 4 curare-tipped darts (quivered)
 v - 25 boomerangs
Armour
 e - a +0 tower shield
 k - a scarf of resistance
 u - a +0 cloak (worn)
 x - +1 swamp dragon scales (worn)
 M - a +2 pair of gloves (worn)
 N - a +4 scale mail of fire resistance
Jewellery
 i - a ring of ice
 w - an amulet of guardian spirit (around neck)
 A - a ring of resist corrosion (left hand)
Wands
 p - a wand of polymorph (3)
 s - a wand of iceblast (4)
 y - a wand of paralysis (11)
 z - a wand of mindburst (15)
 H - a wand of flame (30)
Scrolls
 h - 2 scrolls of poison
 o - 8 scrolls of teleportation
 t - a scroll of identify
 B - 2 scrolls of silence
 E - 6 scrolls of immolation
 L - a scroll of blinking
 O - 2 scrolls of magic mapping
 P - 3 scrolls of fog
 Q - a scroll of enchant weapon
Potions
 f - 3 potions of invisibility
 g - 2 potions of curing
 l - 4 potions of magic
 m - 3 potions of haste
 n - 6 potions of ambrosia
 r - a potion of might
 C - 6 potions of lignification
 D - a potion of resistance
 F - 6 potions of brilliance
 G - 4 potions of cancellation
 I - 4 potions of attraction
 J - 6 potions of mutation


   Skills:
 - Level 8.7 Fighting
 - Level 14.0 Polearms
 - Level 18.0 Ranged Weapons
 - Level 1.0 Throwing
 - Level 8.0 Armour
 + Level 6.5 Dodging
 - Level 3.7 Shields
 - Level 2.0 Spellcasting
 - Level 2.4 Translocations
 - Level 8.5 Invocations


You had 18 spell levels left.
You didn't know any spells.
Your spell library contained the following spells:

 Spells                   Type           Power      Damage    Failure   Level
 Blink                    Tloc           16%        N/A       22%         2
 Slow                     Hex            4%         N/A       36%         1
 Sting                    Tmut/Pois      4%         1d3       36%         1
 Gell's Gravitas          Tloc           8%         N/A       41%         3
 Lesser Beckoning         Tloc           8%         N/A       41%         3
 Teleport Other           Tloc           8%         N/A       41%         3
 Poisonous Vapours        Pois/Air       2%         N/A       52%         2
 Portal Projectile        Hex/Tloc       8%         N/A       58%         3
 Confusing Touch          Hex            1%         N/A       75%         3
 Ignite Poison            Fire/Tmut/Pois 1%         N/A       75%         3
 Mephitic Cloud           Conj/Pois/Air  1%         N/A       75%         3
 Tukima's Dance           Hex            1%         N/A       75%         3
 Vampiric Draining        Necr           1%         2d6       75%         3
 Passage of Golubria      Tloc           8%         N/A       83%         4
 Olgreb's Toxic Radiance  Pois           1%         N/A       98%         4
 Manifold Assault         Tloc           8%         N/A       99%         5
 Alistair's Intoxication  Tmut/Pois      0%         N/A       100%        5
 Blade Hands              Tmut           0%         N/A       100%        5
 Borgnjor's Vile Clutch   Necr/Erth      0%         N/A       100%        5
 Freezing Cloud           Conj/Ice/Air   0%         6-21      100%        5
 Yara's Violent Unravell  Hex/Tmut       0%         3d3       100%        5
 Conjure Ball Lightning   Conj/Air       0%         3x3d6     100%        6
 Eringya's Noxious Bog    Tmut/Pois      0%         N/A       100%        6
 Discord                  Hex            0%         N/A       100%        8
 Disjunction              Tloc           4%         N/A       100%        8


Dungeon Overview and Level Annotations

Branches:
Dungeon (10/15)            Temple (0/1) D:7            Lair (5/5) D:9
  Swamp (0/4) Lair:3        Snake (0/4) Lair:3        Slime (0/5) Lair:4
  Sewer (visited)         Ossuary (visited)          Bailey (visited)
Volcano (visited)
    Orc: D:9-12

Altars:
Gozag
Kikubaaqudgha
Okawaru
Qazlal
Ru
Yredelemnul

Shops:
D:2 :   D:5 [   D:8 =


Innate Abilities, Weirdness & Mutations

You have a beak for a mouth.
You have claws for feet.
Your magical nature lets you fly swiftly and evasively.


Message History

The manticore misses you.
The manticore claws you but does no damage.
You block the manticore's attack.
Unknown command.
You slice the torpor snail!!
You kill the torpor snail!
Qazlal accepts your kill.
You feel yourself speed up. The manticore closely misses you.
You block the manticore's attack.
The manticore claws you but does no damage.
Unknown command.
You hit the manticore.
The manticore is moderately wounded.
The manticore closely misses you.
The manticore claws you but does no damage.
The manticore barely misses you.
You barely miss the manticore.
You claw the manticore, but do no damage.
The manticore is moderately wounded.
The manticore misses you.
The manticore claws you but does no damage.
The manticore closely misses you.
You slash the manticore! You claw the manticore.
The manticore is severely wounded.
The manticore bites you but does no damage.
You block the manticore's attack. The manticore claws you!
* * * LOW HITPOINT WARNING * * *
Unknown command.
You slash the manticore!
You claw the manticore, but do no damage.
You peck the manticore, but do no damage.
The manticore is almost dead.
The manticore completely misses you. You block the manticore's attack.
The manticore misses you.
You barely miss the manticore. You claw the manticore.
The manticore is almost dead.
You closely miss the manticore.
The manticore is almost dead.
The manticore bites you!
You die...

..........#......................
..##..#...#.#P...................
..##.....#####..##....#..........
#..##......########..####...####.
...#........# ####### ##### ##
.P.......#######...#### ####
.........# #.#.§......## ##...
........## #.°H§......## ##....
........#......#@###....####.....
.......##....k.#.§........##.....
.......##....H.#○..#.....###.....
.....#.##..#kw.#...#..†###.###...
.....##### ..########...†.......#
...### .#. #...#.#...#.... .#..#
#... #.....#...#.... #...#
##....#####.... ###.#######
#..... ...##


You could see a manticore.

Vanquished Creatures
  An orc warlord (Bailey)
  Nessos (Lair:5)
  4 hydras
  A catoblepas (Lair:5)
  The ghost of Tollund the Black Sun, a journeyman HuNe of Kikubaaqudgha (Lair:1)
  2 two-headed ogres
  A boulder beetle (Lair:5)
  10 death yaks (Lair:5)
  A spectral death yak (Lair:1)
  4 lindwurms
  5 elephants (Lair:4)
  A manticore (Lair:5)
  9 black mambas
  Maurice (D:7)
  3 molten gargoyles (Volcano)
  3 torpor snails
  4 rime drakes (Lair:5)
  14 cane toads
  4 kobold demonologists
  9 komodo dragons
  Maggie (D:10)
  3 efreet (Volcano)
  A troll (D:9)
  A hornet (D:9)
  2 burning bushes (Lair:5)
  Grinder (D:5)
  12 blink frogs
  4 polar bears
  Sigmund (D:5)
  51 yaks
  7 wyverns
  4 fire elementals (Volcano)
  3 basilisks (Lair:5)
  2 steam dragons
  3 hogs (Lair:5)
  An acid dragon (Lair:5)
  20 water moccasins
  4 nagas (Lair:3)
  Duvessa (D:4)
  A hydra simulacrum (Lair:1)
  5 orc warriors
  2 ice beasts
  A black bear (D:7)
  2 sky beasts
  3 ogres
  A black mamba simulacrum (Lair:1)
  17 wolves
  2 centaurs
  A phantom (D:5)
  2 kobold brigands
  11 bullfrogs
  3 earth elementals (Volcano)
  5 scorpions
  2 necrophages
  A cane toad simulacrum (Lair:1)
  A water moccasin zombie (Ossuary)
  17 wights
  Dowan (D:4)
  A lindwurm simulacrum (Lair:1)
  A dream sheep simulacrum (Lair:1)
  5 killer bees
  2 electric eels (D:7)
  2 howler monkeys (D:8)
  A bullfrog zombie (Ossuary)
  A centaur zombie (Ossuary)
  3 jellies
  4 orc priests
  7 hounds
  4 gnoll boudas
  Ijyb (D:5)
  4 iguanas
  An orc wizard (D:3)
  A scorpion zombie (Ossuary)
  7 hell rats (Lair:2)
  An ogre zombie (Ossuary)
  A mummy (D:7)
  11 adders
  21 gnolls
  A river rat (D:6)
  A shadow imp (D:5)
  A white imp (D:4)
  3 ufetubi
  2 adder zombies (Ossuary)
  7 worms
  2 dart slugs
  34 orcs
  7 endoplasms
  4 giant cockroaches
  4 gnoll zombies (Ossuary)
  14 goblins
  6 hobgoblins
  12 jackals
  22 kobolds
  7 quokkas
  9 ball pythons
  7 bats
  2 frilled lizards (D:1)
  A goblin zombie (Ossuary)
  4 hobgoblin zombies (Ossuary)
  An orc zombie (Ossuary)
  8 rats
  A spectral hobgoblin (D:1)
  2 butterflies
  3 fire vortices (Volcano)
523 creatures vanquished.

Vanquished Creatures (others)
  Kirke (Lair:5)
  3 humans (Lair:5)
  3 bushes
  33 fungi
  60 plants
100 creatures vanquished.

Grand Total: 623 creatures vanquished

Notes
Turn   | Place    | Note
-------+----------+-------------------------------------------
     0 | D:1      | SnakkuSnakku7 the Tengu Warper began the quest for the Orb.
     0 | D:1      | Reached XP level 1. HP: 12/12 MP: 4/4
    61 | D:1      | Reached XP level 2. HP: 6/17 MP: 6/6
   450 | D:1      | Found a faded altar of an unknown god.
   475 | D:1      | Prayed at the altar of an unknown god.
   475 | D:1      | Became a worshipper of Qazlal Stormbringer
   475 | D:1      | Reached * piety under Qazlal
   534 | D:1      | Reached XP level 3. HP: 16/21 MP: 7/7
  1173 | D:2      | Reached XP level 4. HP: 26/26 MP: 8/8
  1393 | D:2      | Reached skill level 5 in Polearms
  1540 | D:2      | Found Dupobb Vekk's Book Shoppe.
  1547 | D:2      | Reached ** piety under Qazlal
  1990 | D:3      | Gained mutation: Your magical nature lets you fly swiftly
                  | and evasively. [Tengu growth]
  1990 | D:3      | Reached XP level 5. HP: 27/30 MP: 9/9
  2775 | D:3      | Found a basalt altar of Yredelemnul.
  2782 | D:3      | Found an iron altar of Okawaru.
  2902 | D:5      | Entered Level 5 of the Dungeon
  2902 | D:5      | Noticed an ogre
  2944 | D:5      | Found a sacrificial altar of Ru.
  2968 | D:5      | Killed an ogre
  2969 | D:5      | Reached XP level 6. HP: 10/35 MP: 10/10
  3395 | D:5      | Found Yduzenk's Antique Armour Emporium.
  3395 | D:5      | Noticed an ice beast
  3655 | D:5      | Reached XP level 7. HP: 24/40 MP: 11/11
  4208 | D:5      | Noticed Grinder
  4242 | D:5      | Killed Grinder
  4412 | D:5      | Reached XP level 8. HP: 41/44 MP: 12/12
  4441 | D:5      | Reached skill level 10 in Polearms
  4465 | D:5      | Noticed Sigmund
  4498 | D:5      | Killed Sigmund
  4523 | D:5      | Reached *** piety under Qazlal
  4743 | D:5      | Noticed Ijyb
  4754 | D:5      | Killed Ijyb
  7053 | D:4      | Reached XP level 9. HP: 45/48 MP: 13/13
  7194 | D:4      | Noticed Duvessa
  7197 | D:4      | Noticed Dowan
  7207 | D:4      | Killed Duvessa
  7210 | D:4      | Killed Dowan
  7467 | D:5      | Reached **** piety under Qazlal
  7583 | D:6      | Found a glowing drain.
  7587 | Sewer    | Entered a sewer
  8045 | D:6      | Reached skill level 5 in Fighting
  8784 | D:6      | Found the +3 pair of seven-league boots {Rampage+∞}
  8963 | D:7      | Found a sand-covered staircase.
  8970 | Ossuary  | Entered an ossuary
  9022 | Ossuary  | Reached XP level 10. HP: 60/63 MP: 14/14
  9040 | Ossuary  | Reached ***** piety under Qazlal
  9191 | D:7      | Found an ancient bone altar of Kikubaaqudgha.
  9416 | D:7      | Reached skill level 5 in Armour
  9500 | D:7      | Found a flagged portal.
  9566 | Bailey   | Entered a bailey
  9571 | Bailey   | Noticed an orc warlord
  9923 | Bailey   | Found a runed translucent gate.
  9926 | Bailey   | Found a runed translucent gate.
  9928 | Bailey   | Found a runed translucent gate.
 10145 | Bailey   | Killed an orc warlord
 10194 | Bailey   | Reached XP level 11. HP: 65/68 MP: 14/18
 10414 | D:7      | Found a staircase to the Ecumenical Temple.
 10578 | D:8      | Found Gigaats's Jewellery Shoppe.
 11059 | D:8      | Noticed Maurice
 11059 | D:8      | Found an opulent altar of Gozag.
 11060 | D:8      | Paralysed by Maurice for 4 turns
 11078 | D:7      | Killed Maurice
 11512 | D:9      | Noticed a two-headed ogre
 11802 | D:9      | Reached XP level 12. HP: 67/73 MP: 17/19
 11905 | D:9      | Found a staircase to the Lair.
 11963 | D:9      | Paralysed by a hornet for 3 turns
 12233 | D:9      | Killed a two-headed ogre
 12312 | D:9      | Identified the +6 sling of Vengeance {flame, rElec Will+}
 12417 | D:10     | Entered Level 10 of the Dungeon
 12621 | D:10     | Noticed Maggie
 12636 | D:10     | Killed Maggie
 12688 | D:10     | Noticed a two-headed ogre
 12695 | D:10     | Killed a two-headed ogre
 12875 | D:10     | Reached skill level 1 in Ranged Weapons
 13231 | Lair:1   | Entered Level 1 of the Lair of Beasts
 13246 | Lair:1   | Reached skill level 2 in Ranged Weapons
 13266 | Lair:1   | Reached skill level 3 in Ranged Weapons
 13276 | Lair:1   | Reached ****** piety under Qazlal
 13294 | Lair:1   | Reached skill level 4 in Ranged Weapons
 13406 | Lair:1   | Found a dark tunnel.
 13416 | Volcano  | Entered a volcano
 13428 | Volcano  | Reached skill level 5 in Ranged Weapons
 13663 | Volcano  | Reached skill level 6 in Ranged Weapons
 14018 | Volcano  | Reached skill level 7 in Ranged Weapons
 14044 | Volcano  | Reached skill level 8 in Ranged Weapons
 14497 | Lair:1   | Reached skill level 9 in Ranged Weapons
 14511 | Lair:1   | Reached XP level 13. HP: 50/79 MP: 14/20
 14639 | Lair:1   | Found a runed translucent gate.
 14640 | Lair:1   | Found a runed translucent gate.
 14641 | Lair:1   | Found a runed translucent gate.
 14852 | Lair:1   | Noticed Tollund's ghost (journeyman HuNe)
 15067 | Lair:1   | Reached skill level 10 in Ranged Weapons
 15158 | Lair:1   | Killed Tollund's ghost
 15540 | Lair:2   | Reached skill level 11 in Ranged Weapons
 16287 | Lair:3   | Reached skill level 12 in Ranged Weapons
 16622 | Lair:3   | Found a staircase to the Swamp.
 16976 | Lair:3   | Found a staircase to the Snake Pit.
 16996 | Lair:3   | Reached skill level 13 in Ranged Weapons
 17308 | Lair:3   | Identified the +9 long sword of Aqovom {vorpal, rC+ rCorr
                  | Str-2}
 17565 | Lair:4   | You are sucked into a shaft and drop 1 floor!
 17565 | Lair:5   | Entered Level 5 of the Lair of Beasts
 17649 | Lair:5   | Reached skill level 14 in Ranged Weapons
 17684 | Lair:5   | Reached XP level 14. HP: 26/84 MP: 9/21
 17963 | Lair:5   | Reached skill level 15 in Ranged Weapons
 18066 | Lair:5   | Noticed Kirke
 18082 | Lair:5   | Killed Kirke
 18172 | Lair:5   | Reached skill level 16 in Ranged Weapons
 18455 | Lair:5   | Noticed Nessos
 18473 | Lair:5   | Killed Nessos
 18881 | Lair:4   | Reached skill level 17 in Ranged Weapons
 19165 | Lair:4   | Found a staircase to the Slime Pits.
 19748 | Lair:5   | Reached skill level 18 in Ranged Weapons
 20395 | Lair:5   | Reached skill level 5 in Dodging
 20615 | Lair:5   | Reached XP level 15. HP: 59/89 MP: 16/22
 20775 | Lair:5   | Slain by a manticore

Illustrated notes

Levels and vault maps discovered:
D:1:      dreamdust_arrival_beginning_and_end, layout_basic,
          dreamdust_ecumenical_altar_drowned_temple, patterned_corridor
D:2:      layout_basic, serial_shops, nicolae_shop_advertising_works
          [nicolae_subvault_shop_adworks]
D:3:      layout_loops_ring, mainiacjoe_overflow_big_doors,
          minmay_misc_feat_chi, ebering_dispersal_statue_hall,
          minmay_randomly_rotated_circles
D:4:      layout_loops_corners, uniq_duvessa
D:5:      layout_basic, nicolae_ru_the_path_less_chosen,
          kennysheep_windowed_goal, uniq_ijyb, uniq_sigmund, uniq_grinder
D:6:      layout_basic, gup_sewer_entry_spiral, minmay_misc_feat_columns
D:7:      layout_basic, mainiacjoe_overflow_cross_hatched,
          minmay_temple_entry_butterflies, gup_ossuary_entry_pyramid,
          enter_bailey_6, minmay_misc_feat_plants, serial_bayou_lake_a
D:8:      layout_rooms, lemuel_round_altar, serial_shops, nicolae_shop_crystal,
          feat_on_display, uniq_maurice
D:9:      layout_roguey, lair_entry_dummy, nrook_pool_corridor
D:10:     layout_cave_pods, uniq_maggie
Lair:1:   layout_regular_city, enter_volcano_2, gammafunk_ghost_necromancy,
          chequers_serial_rivers_large_a, chequers_serial_rivers_micro_d
Lair:2:   layout_roguey, grunt_megastairs_1
Lair:3:   layout_cave_pods, minmay_swamp_entry_reptiles,
          minmay_snake_entry_guardpost_small
Lair:4:   layout_regular_city, slime_entry_1, beast_lair_carwin_10
Lair:5:   hangedman_lair_in_review, layout_layer_cave, guppyfry_lair_end_dragon,
          dreamdust_deal_with_the_devil, chequers_serial_rivers_micro_e,
          chequers_serial_rivers_small_a, evilmike_ambush
          [evilmike_ambush_outer_basic, evilmike_ambush_inner_wall_1],
          lemuel_fruit_fields, uniq_nessos, uniq_kirke

Skill      XL: |  1  2  3  4  5  6  7  8  9 10 11 12 13 14 |
---------------+-------------------------------------------+-----
Polearms       | 3 4 5 7 8 9 12 13 14 | 14.0
Shields        | 3 |  3.7
Fighting       | 7 8 |  8.7
Armour         | 7 8 |  8.0
Invocations    | 8 |  8.5
Ranged Weapons | 9 14 18 | 18.0
Dodging        | 6 |  6.5
Throwing       | |  1.0
Spellcasting   | |  2.0
Translocations | |  2.4

Action                   |  1- 3 |  4- 6 |  7- 9 | 10-12 | 13-15 || total
-------------------------+-------+-------+-------+-------+-------++-------
Melee: Spear             |   114 |   176 |       |       |       ||   290
       Kick              |    27 |    43 |    74 |   125 |   287 ||   556
       Peck              |     9 |    25 |    38 |    83 |   168 ||   323
       Trident           |       |    19 |   296 |       |       ||   315
       Unarmed           |       |       |    11 |       |       ||    11
       Halberd           |       |       |    50 |   479 |   764 ||  1293
 Fire: Arbalest          |       |       |       |       |    21 ||    21
Throw: Dart              |       |     6 |     8 |     1 |     4 ||    19
       Boomerang         |       |     2 |       |       |       ||     2
Invok: Upheaval          |       |       |       |     1 |     5 ||     6
       Elemental Force   |       |       |       |     1 |       ||     1
Evoke: Wand              |       |       |     7 |     4 |     4 ||    15
  Use: Scroll            |       |     3 |       |    24 |     4 ||    31
       Potion            |       |     1 |     2 |     5 |     2 ||    10
 Stab: Sleeping          |     1 |       |       |       |       ||     1
       Paralysed         |       |       |     7 |     4 |     5 ||    16
Armor: Leather armour    |    16 |       |       |       |       ||    16
       Chain mail        |    40 |    75 |    69 |     4 |       ||   188
       Skin              |       |     5 |     7 |       |       ||    12
       Plate armour      |       |       |       |    92 |       ||    92
       Swamp dragon scal |       |       |       |    21 |   184 ||   205
Dodge: Dodged            |    11 |    17 |    40 |   113 |   327 ||   508
       Repelled          |       |       |       |     4 |    14 ||    18
Block: Tower shield      |    64 |   127 |   186 |       |       ||   377
       Other             |       |       |     5 |   119 |   202 ||   326
